 Dungeon Crawl Stone Soup version 0.28-a0-1447-ga5a8893891 (webtiles) character file.

Game seed: 15790895972361513098

316 testman the Poker (level 6, -5/48 (52) HPs)
             Began as a Draconian Cinder Acolyte on Jan 10, 2022.
             Was a High Priest of Ignis.
             Slain by a wight (10 damage)
             ... on level 3 of the Dungeon.
             The game lasted 00:15:44 (3860 turns).

testman the Poker (Draconian Cinder Acolyte)        Turns: 3860, Time: 00:15:44

HP:   -5/48 (52)    AC: 10    Str: 16    XL:     6   Next: 20%
MP:   8/8           EV: 12    Int: 16    God:    Ignis [*****.]
Gold: 180           SH:  0    Dex:  9    Spells: 6/8 levels left

rFire   + . .      SeeInvis .   a - -1 spear (flame)
rCold   . . .      Faith    .   (no shield)
rNeg    . . .      Spirit   .   (armour unavailable)
rPois   .          Reflect  .   (helmet restricted)
rElec   .          Harm     .   (no cloak)
rCorr   .          Rampage  .   (no gloves)
Will    .....                   (no boots)
Stlth   +.........              (no amulet)
HPRegen 0.16/turn               e - +4 ring of protection
MPRegen 0.11/turn               (no ring)

@: mighty, weak-willed, flying, drained
A: AC +6, unfitting armour, cold-blooded, antennae 1, big wings, agile 1
a: Renounce Religion, Fiery Armour, Foxfire Swarm, Rising Flame


You were on level 3 of the Dungeon.
You worshipped Ignis.
Ignis was extremely pleased with you.
You visited 1 branch of the dungeon, and saw 4 of its levels.

You collected 180 gold pieces.

Inventory:

Hand Weapons
 a - a -1 spear of flaming (weapon)
 o - a +0 hunting sling of flaming
Missiles
 b - 124 stones (quivered)
 l - 17 sling bullets
Jewellery
 e - a +4 ring of protection (left hand)
Scrolls
 c - 3 scrolls of immolation
 h - a scroll of acquirement {unknown}
 i - a scroll of magic mapping {unknown}
 p - 2 scrolls of enchant armour
 q - a scroll of fog {unknown}
 t - a scroll of identify
Potions
 d - 4 potions of might
 f - 2 potions of haste {unknown}
 g - a potion of attraction {unknown}
 j - a potion of flight {unknown}
 k - a potion of cancellation {unknown}
 m - a potion of curing
 n - a potion of berserk rage {unknown}
 s - a potion of mutation
 u - a potion of lignification {unknown}


   Skills:
 + Level 3.7 Fighting
 + Level 5.4 Polearms
 - Level 0.2(0.3) Slings
 - Level 0.1(0.2) Throwing
 - Level 2.7 Dodging
 - Level 1.0 Stealth
 + Level 1.8 Spellcasting
 - Level 3.0 Fire Magic


You had 6 spell levels left.
You knew the following spells:

 Your Spells              Type           Power      Damage    Failure   Level
a - Scorch                Fire           22%        2d6       10%         2

Your spell library contained the following spells:

 Spells                   Type           Power      Damage    Failure   Level
 Animate Skeleton         Necr           2%         N/A       22%         1
 Apportation              Tloc           2%         N/A       22%         1
 Summon Small Mammal      Summ           4%         N/A       22%         1
 Petrify                  Tmut/Erth      1%         N/A       91%         4
 Metabolic Englaciation   Hex/Ice        0%         N/A       99%         5
 Statue Form              Tmut/Erth      0%         N/A       100%        6


Dungeon Overview and Level Annotations

Branches:
Dungeon (4/15)
 Temple: D:4-7

Altars:
Elyvilon
Ru
Wu Jian
Zin


Innate Abilities, Weirdness & Mutations

Your plain brown scales are hard. (AC +6)
You cannot fit into any form of body armour.
You are cold-blooded and may be slowed by cold attacks.
You have a pair of small antennae on your head.
Your large and strong wings let you fly.
You are agile. (Dex +2)


Message History

The wight closely misses you.
The water moccasin skeleton closely misses you.
There is a stone staircase leading up, spattered with blood here.
Things that are here:
a scroll labelled CUIJUI ESOFA; a hobgoblin corpse; a hound corpse The wight closely misses you.
The wight hits you with a +0 falchion! The water moccasin skeleton misses you.
The wight hits you with a +2 hand axe of electrocution!
You feel drained.
You climb upwards.
There is a stone staircase leading down here.
As you read the scroll labelled OTEBUF YLEITH, it crumbles to dust.
It is a scroll of enchant armour.
You aren't carrying any armour which can be enchanted further.
The wight closely misses you. The wight hits you with a +0 falchion.
You feel drained. The wight barely misses you.
Okay, then.
As you read the scroll labelled MEIKEO PAFAUR, it crumbles to dust.
Magic quickly surges around you.
It was a scroll of vulnerability.
The wight hits you with a +0 dire flail.
The wight closely misses you.
The wight hits you with a +2 hand axe of electrocution.
You are electrocuted!
* * * LOW HITPOINT WARNING * * *
It was a potion of might.
You feel very mighty all of a sudden. The wight closely misses you.
The wight hits you but does no damage. The wight closely misses you.
It was a potion of curing.
You feel better. The wight barely misses you. The wight misses you.
The wight hits you with a +2 hand axe of electrocution.
* * * LOW HITPOINT WARNING * * *
You feel drained.
* * * LOW HITPOINT WARNING * * *
Okay, then.
It was a potion of mutation.
You feel extremely strange.
Your wings grow larger and stronger.
You feel agile. A pair of antennae grows on your head!
The wight hits you with a +0 dire flail!
You die...

#.# ######.# #.# #.#
#.# #.# #.# #.# #.#
#.# #.# #.# #.# #.#
#.# #.#
####.#########.# #.#
#..#...........#
#.#####z.#############
#....z@z.# #.######.#
### ###


You could see 3 wights.

Vanquished Creatures
  A necrophage (D:3)
  A howler monkey (D:4)
  A hound (D:4)
  Terence (D:2)
  A hound skeleton (D:4)
  2 adders
  An ufetubus (D:4)
  An adder skeleton (D:4)
  3 worms
  2 dart slugs
  2 orcs
  9 endoplasms
  4 giant cockroaches
  7 goblins
  8 hobgoblins
  3 jackals (D:1)
  9 kobolds
  5 quokkas
  5 ball pythons
  7 bats
  2 frilled lizards (D:2)
  6 rats
81 creatures vanquished.

Vanquished Creatures (others)
  19 foxfires (D:4)
19 creatures vanquished.

Grand Total: 100 creatures vanquished

Notes
Turn   | Place    | Note
-------+----------+-------------------------------------------
     0 | D:1      | testman the Draconian Cinder Acolyte began the quest for
                  | the Orb.
     0 | D:1      | Reached XP level 1. HP: 19/19 MP: 2/2
   257 | D:1      | Found a faded altar of an unknown god.
   295 | D:1      | Reached XP level 2. HP: 26/26 MP: 3/3
   701 | D:1      | Reached skill level 4 in Polearms
   701 | D:1      | Reached XP level 3. HP: 24/31 MP: 4/4
   711 | D:1      | Reached skill level 1 in Dodging
   715 | D:1      | Learned a level 2 spell: Scorch
  1572 | D:2      | Noticed Terence
  1592 | D:2      | Killed Terence
  1593 | D:2      | Reached XP level 4. HP: 14/38 MP: 1/5
  2477 | D:3      | Found a glowing silver altar of Zin.
  2663 | D:3      | Found an ornate altar of the Wu Jian Council.
  2976 | D:3      | Found a white marble altar of Elyvilon.
  3223 | D:4      | Noticed a necrophage
  3267 | D:3      | Killed a necrophage
  3268 | D:3      | Reached skill level 5 in Polearms
  3268 | D:3      | Reached skill level 1 in Stealth
  3268 | D:3      | Reached XP level 5. HP: 16/45 MP: 6/6
  3492 | D:4      | Found a sacrificial altar of Ru.
  3703 | D:4      | Reached XP level 6. HP: 26/52 MP: 6/8
  3860 | D:3      | Gained mutation: Your large and strong wings let you fly.
                  | [potion of mutation]
  3860 | D:3      | Gained mutation: You are agile. (Dex +2) [potion of
                  | mutation]
  3860 | D:3      | Gained mutation: You have a pair of small antennae on your
                  | head. [potion of mutation]
  3860 | D:3      | Slain by a wight

Illustrated notes

Levels and vault maps discovered:
D:1:      eino_arrival_water_star, layout_basic,
          hellmonk_ecumenical_altar_crossroads, minivault_27
D:2:      layout_rooms, uniq_terence
D:3:      layout_basic, nicolae_wu_jian_immortal_techniques,
          mainiacjoe_overflow_paths, mainiacjoe_overflow_small_starburst
D:4:      layout_cave_pools, mainiacjoe_overflow_alcove_2

Skill      XL: |  1  2  3  4 |
---------------+-------------+-----
Polearms       | 4 5 |  5.4
Dodging        | 1 2 |  2.7
Stealth        | 1 |  1.0
Fighting       | |  3.7
Slings         | |  0.2
Throwing       | |  0.1
Spellcasting   | |  1.8
Fire Magic     | |  3.0

Action                   |  1- 3 |  4- 6 || total
-------------------------+-------+-------++-------
Melee: Spear             |   164 |   126 ||   290
       Tailslap          |     9 |     6 ||    15
       Punch             |     1 |     1 ||     2
 Fire: Hunting sling     |     2 |     1 ||     3
Throw: Stone             |     1 |       ||     1
 Cast: Scorch            |     2 |     2 ||     4
Invok: Fiery Armour      |       |     1 ||     1
       Foxfire Swarm     |       |     1 ||     1
  Use: Scroll            |     2 |     2 ||     4
       Potion            |       |     4 ||     4
 Stab: Sleeping          |       |     1 ||     1
Armor: Skin              |    61 |    46 ||   107
Dodge: Dodged            |    82 |    83 ||   165

Table legend: (Time is in decaauts)
 A = Elapsed time spent in this place.
 B = Non-inter-level travel time spent in this place.
 C = Inter-level travel time spent in this place.
 D = Time resting spent in this place.
 E = Time spent auto-exploring this place.
 F = Levels seen in this place.
 G = Mean time per level.
                   A        B        C        D        E       F      G
               +--------+--------+--------+--------+--------+-----+--------+
         Total |   3836 |   3668 |    168 |    865 |   2169 |   4 |  959.0 |
       Dungeon |   3836 |   3668 |    168 |    865 |   2169 |   4 |  959.0 |
               +--------+--------+--------+--------+--------+-----+--------+

Top non-repeatable levels by time:
     D:3: 1408 daAuts
     D:1: 1276 daAuts
     D:2: 959 daAuts
     D:4: 191 daAuts
